 Dungeon Crawl Stone Soup version 0.19.0-2-gae57169 (webtiles) character file.

107 Pepeogr the Ruffian (level 4, -4/35 HPs)
             Began as a Draconian Transmuter on Nov 6, 2016.
             Killed from afar by Sigmund (10 damage)
             ... with a magic dart
             ... on level 2 of the Dungeon.
             The game lasted 00:09:44 (1964 turns).

Pepeogr the Ruffian (Draconian Transmuter)          Turns: 1964, Time: 00:09:45

Health: -4/35      AC:  6    Str: 14    XL:     4   Next: 56%
Magic:  7/7        EV: 12    Int: 18    God:
Gold:   69         SH:  0    Dex: 11    Spells: 1 memorised, 6 levels left

rFire  . . .     SeeInvis .       - Unarmed
rCold  . . .     Gourm    .     (armour unavailable)
rNeg   . . .     Faith    .     (no shield)
rPois  .         Spirit   .     (helmet restricted)
rElec  .         Reflect  .     d - +0 cloak
rCorr  .         Harm     .     (no gloves)
MR     .....                    (no boots)
Stlth  +.........               (no amulet)
                                (no ring)
                                (no ring)

@: confused, brilliant
A: unfitting armour, cold-blooded, AC +5
a: no special abilities


You were on level 2 of the Dungeon.
You were not hungry.

You visited 1 branch of the dungeon, and saw 2 of its levels.

You collected 69 gold pieces.

Inventory:

Missiles
 a - 24 arrows
Armour
 d - a +0 cloak (worn)
Scrolls
 f - a scroll of remove curse
Potions
 e - a potion of brilliance
Books
 b - a book of Changes

   Spells                             Type                      Level
   a - Beastly Appendage              Transmutation                1
   b - Sticks to Snakes               Transmutation                2
   c - Spider Form                    Transmutation/Poison         3
   d - Ice Form                       Ice/Transmutation            4
   e - Blade Hands                    Transmutation                5
Comestibles
 c - a meat ration


   Skills:
 + Level 1.3 Fighting
 + Level 2.4 Dodging
 + Level 0.2 Stealth
 * Level 4.2 Unarmed Combat
 + Level 2.2 Spellcasting
 * Level 2.9 Transmutations


You had 6 spell levels left.
You knew the following spells:

 Your Spells              Type           Power        Failure   Level  Hunger
a - Beastly Appendage     Tmut           ###...       1%          1    #......


Dungeon Overview and Level Annotations

Branches:
Dungeon (2/15)

Altars:
Fedhas

Annotations:
D:2 Sigmund


Innate Abilities, Weirdness & Mutations

Your plain brown scales are hard. (AC +5)
You cannot fit into any form of body armour.
You are cold-blooded and may be slowed by cold attacks.


Message History

You hit Sigmund but do no damage.
Sigmund is severely wounded.
Sigmund casts a spell.
Sigmund flickers and vanishes!
Deactivating autopickup; reactivate with Ctrl-A.
You completely miss something.
You hear some strange, mumbled words.
You are confused.
You completely miss something.
You're too confused to move!
Something hits you!
* * * LOW HITPOINT WARNING * * *
You feel clever all of a sudden. Something hits you.
* * * LOW HITPOINT WARNING * * *
You bump into the rock wall.
You miss something. Something hits you but does no damage.
You hear some strange, mumbled words.
A magic dart appears from out of thin air!
The magic dart hits you!
You die...

####..#......,,,,
#######......#..****
#.......##...#,,*
#.#####.##...#.,* **
#.#####.#......,***,
#...............,,*,
#####.#.........,,,,
####...........,,,,
#.@....#.###..,*,*,
#{#...........,,,*,
**#.######<###.#,*,*,
*,#.#*****.# *,,,,,,,
#........#,# *******,
#......#.#,* **
#......'.,,* *
#......#.#**
#......#,#


There were no monsters in sight!

Vanquished Creatures
  Terence (D:2)
  Natasha (D:2)
  A gnoll (D:1)
  An adder (D:2)
  A worm (D:2)
  6 bats
  A giant cockroach (D:2)
  5 goblins
  6 hobgoblins
  3 kobolds (D:1)
  A quokka (D:2)
  2 frilled lizards (D:2)
  3 rats
  A plant (D:2)
33 creatures vanquished.

Notes
Turn   | Place    | Note
-------+----------+-------------------------------------------
     0 | D:1      | Pepeogr the Draconian Transmuter began the quest for the Orb.
     0 | D:1      | Reached XP level 1. HP: 16/16 MP: 3/3
   350 | D:1      | Reached XP level 2. HP: 7/23 MP: 5/5
   893 | D:1      | Reached XP level 3. HP: 23/28 MP: 6/6
  1208 | D:2      | Noticed Terence
  1227 | D:2      | Killed Terence
  1471 | D:2      | Reached skill level 4 in Unarmed Combat
  1471 | D:2      | Reached XP level 4. HP: 25/35 MP: 7/7
  1659 | D:2      | Noticed Natasha
  1678 | D:2      | Killed Natasha
  1684 | D:2      | Found a blossoming altar of Fedhas.
  1935 | D:2      | Noticed Sigmund
  1964 | D:2      | Killed from afar by Sigmund

Skill      XL: |  1  2  3 |
---------------+----------+-----
Dodging        | 2 |  2.4
Unarmed Combat | 4 |  4.2
Fighting       | |  1.3
Stealth        | |  0.2
Spellcasting   | |  2.2
Transmutations | |  2.9

Action                   |  1- 3 |  4- 6 || total
-------------------------+-------+-------++-------
Melee: Unarmed           |   144 |   114 ||   258
       Tailslap          |     8 |    20 ||    28
       Punch             |     2 |     1 ||     3
       Kick              |     1 |     2 ||     3
       Headbutt          |     3 |       ||     3
 Cast: Beastly Appendage |     2 |     2 ||     4
  Use: Scroll            |     5 |     1 ||     6
       Potion            |     2 |     1 ||     3
  Eat: Bread ration      |     1 |       ||     1
Armor: Skin              |    53 |    15 ||    68
Dodge: Dodged            |   105 |    29 ||   134
